 Dungeon Crawl Stone Soup version 0.31-a0-128-g25add195a6 (webtiles) character file.

Game seed: 17304543106243105951

0 freelancePsychic the Gusty (level 1, -2/13 HPs)
             Began as a Human Air Elementalist on June 1, 2023.
             Killed themself with a bounced zap (3 damage)
             ... on level 1 of the Dungeon.
             The game lasted 00:00:29 (18 turns).

freelancePsychic the Gusty (Human Air Elementalist)   Turns: 18, Time: 00:00:30

Health: -2/13      AC:  2    Str:  8    XL:     1   Next: 0%
Magic:  2/3        EV: 12    Int: 15    God:
Gold:   0          SH:  0    Dex: 13    Spells: 3/4 levels left

rFire   . . .        (no weapon)
rCold   . . .        (no shield)
rNeg    . . .        a - +0 robe
rPois   .            (no helmet)
rElec   .            (no cloak)
rCorr   .            (no gloves)
SInv    .            (no boots)
Will    .....        (no amulet)
Stlth   ++           (no ring)
HPRegen 0.22/turn    (no ring)
MPRegen 0.08/turn

%: no passive effects
@: very slightly contaminated
A: no striking features
a: no special abilities


You were on level 1 of the Dungeon.
You visited 1 branch of the dungeon, and saw 1 of its levels.

Inventory:

Armour
 a - a +0 robe (worn)


   Skills:
 + Level 0.0 Fighting
 - Level 2.0 Dodging
 * Level 2.0 Stealth
 - Level 2.0 Spellcasting
 - Level 1.0 Conjurations
 + Level 3.0 Air Magic


You had 3 spell levels left.
You knew the following spells:

 Your Spells              Type           Power      Damage    Failure   Level
a - Shock                 Conj/Air       28%        1d4       10%         1

Your spell library contained the following spells:

 Spells                   Type           Power      Damage    Failure   Level
 Static Discharge         Conj/Air       14%        2-3/arc   14%         2
 Swiftness                Air            10%        N/A       19%         3
 Airstrike                Air            5%         2d(1-17)  54%         4


Dungeon Overview and Level Annotations

Branches:
Dungeon (1/15)

Altars:


Message History

The ball python moves out of view.
The zap misses the ball python.
The zap misses the ball python.
That beam is likely to hit you.
Continue anyway?
You miscast Shock.
You are very lightly contaminated with residual magic.
Nothing appears to happen.
You closely miss the ball python. The ball python closely misses you. x2
You closely miss the ball python. The ball python bites you.
The ball python grabs you. The ball python constricts you.
The ball python bites you. The ball python constricts you.
You are too injured to fight recklessly!
You are too injured to fight recklessly!
You closely miss the ball python. The ball python bites you.
The ball python constricts you.
Sorry, you're not good enough to have a special ability.
Magic courses through your body. The ball python bites you.
* * * LOW HITPOINT WARNING * * *
The ball python constricts you.
Casting: Shock (safe; 10% risk of failure)
Confirm with . or Enter, or press ? or * to list all spells.
Aiming: Shock (safe; 10% risk of failure)
Press: ? - help, Shift-Dir - straight line, f/p - ball python
Aim: a ball python (constricting you, 64% to hit)
That beam is likely to hit you.
Continue anyway?
Okay, then.
You aren't carrying any scrolls.
Unknown command.
Casting: Shock (safe; 10% risk of failure)
Confirm with . or Enter, or press ? or * to list all spells.
Aiming: Shock (safe; 10% risk of failure)
Press: ? - help, Shift-Dir - straight line, f/p - ball python
Aim: a ball python (constricting you, 64% to hit)
That beam is likely to hit you.
Continue anyway?
The zap hits the ball python.
The ball python is severely wounded.
The zap hits the ball python.
You kill the ball python!
The zap hits you.
You die...

.. ..# ...#
.....## #...#.# .
#...#.###### #..
#..#...#.##
#....##.###...###
#.†@# #.##..#
#....##.#..##..##
..## .##.#..#.<#
## #########


There were no monsters in sight!

Vanquished Creatures
  A ball python (D:1)
1 creature vanquished.

Notes
Turn   | Place    | Note
-------+----------+-------------------------------------------
     0 | D:1      | freelancePsychic the Human Air Elementalist began the quest
                  | for the Orb.
     0 | D:1      | Reached XP level 1. HP: 13/13 MP: 3/3
    18 | D:1      | Killed themself with a bounced zap

Illustrated notes

Levels and vault maps discovered:
D:1:      erik_arrival_cave_to_civilisation [erik_arrival_cave_to_temple],
          layout_loops_corners, chequers_ecumenical_altar_simple,
          chequers_serial_rivers_marsh

Action                     || total
---------------------------++-------
  Melee: Unarmed           ||     3
   Cast: Shock             ||     2
    Use: Potion            ||     1
  Dodge: Dodged            ||     2

Table legend: (Time is in decaauts)
 A = Elapsed time spent in this place.
 B = Non-inter-level travel time spent in this place.
 C = Inter-level travel time spent in this place.
 D = Time resting spent in this place.
 E = Time spent auto-exploring this place.
 F = Levels seen in this place.
 G = Mean time per level.
                   A        B        C        D        E       F      G
               +--------+--------+--------+--------+--------+-----+--------+
         Total |     18 |     18 |      0 |      0 |      9 |   1 |   18.0 |
       Dungeon |     18 |     18 |      0 |      0 |      9 |   1 |   18.0 |
               +--------+--------+--------+--------+--------+-----+--------+

Top non-repeatable levels by time:
     D:1: 18 daAuts
